 Dungeon Crawl Stone Soup version 0.19.1 (webtiles) character file.

108 dvd the Stinger (level 4, -7/27 HPs)
             Began as an Octopode Venom Mage on Dec 7, 2016.
             Killed from afar by Ijyb (8 damage)
             ... with a wand of flame
             ... on level 3 of the Dungeon.
             The game lasted 00:05:28 (2764 turns).

dvd the Stinger (Octopode Venom Mage)               Turns: 2764, Time: 00:05:29

Health: -7/27      AC:  3    Str: 12    XL:     4   Next: 87%
Magic:  1/7        EV: 13    Int: 18    God:
Gold:   71         SH:  0    Dex: 12    Spells: 2 memorised, 3 levels left

rFire  . . .     SeeInvis .     l - +0 short sword
rCold  . . .     Gourm    .     (no shield)
rNeg   . . .     Faith    .     (helmet restricted)
rPois  .         Spirit   .     (no amulet)
rElec  .         Reflect  .     v - +2 ring of protection
rCorr  .         Harm     .     (no ring)
MR     .....                    (no ring)
Stlth  +++.......               (no ring)
                                (no ring)
                                (no ring)
                                (no ring)
                                (no ring)

@: mighty, very slightly contaminated
A: almost no armour, stealthy swim, amphibious, 8 rings, constrict 8, camouflage
1, gelatinous body 1
a: no special abilities


You were on level 3 of the Dungeon.
You were not hungry.

You visited 1 branch of the dungeon, and saw 3 of its levels.

You collected 71 gold pieces.

Inventory:

Hand Weapons
 l - a +0 short sword (weapon)
 s - a +0 trident
Jewellery
 v - a +2 ring of protection (left tentacle)
Scrolls
 c - a scroll of remove curse {unknown}
 e - 2 scrolls of enchant armour {unknown}
 g - a scroll of magic mapping {unknown}
 j - 5 scrolls of identify {unknown}
 m - a scroll of recharging {unknown}
 n - a scroll of enchant weapon {unknown}
 o - a scroll of random uselessness {unknown}
 u - a scroll of blinking {unknown}
Potions
 d - a potion of might
 f - a potion of flight {unknown}
 i - 2 potions of curing {unknown}
 p - a potion of agility {unknown}
 q - a potion of cure mutation {unknown}
 r - a potion of degeneration {unknown}
Books
 a - a Young Poisoner's Handbook

   Spells                             Type                      Level
   a - Sting                          Conjuration/Poison           1
   b - Mephitic Cloud                 Conjuration/Poison/Air       3
   c - Olgreb's Toxic Radiance        Poison                       4
   d - Alistair's Intoxication        Transmutation/Poison         5
   e - Venom Bolt                     Conjuration/Poison           5
Comestibles
 b - 3 bread rations
 h - a meat ration
 k - 2 fruits
 t - a chunk of flesh


   Skills:
 + Level 0.2 Fighting
 + Level 1.0 Short Blades
 + Level 2.0 Dodging
 + Level 3.7 Stealth
 + Level 2.6 Spellcasting
 + Level 1.0 Conjurations
 + Level 6.0 Poison Magic


You had 3 spell levels left.
You knew the following spells:

 Your Spells              Type           Power        Failure   Level  Hunger
a - Sting                 Conj/Pois      ###.         4%          1    #......
b - Olgreb's Toxic Radia  Pois           ###.....     17%         4    #####..


Dungeon Overview and Level Annotations

Branches:
Dungeon (3/15)

Altars:
Uskayaw

Annotations:
D:3 Ijyb


Innate Abilities, Weirdness & Mutations

You cannot wear most types of armour.
You are very stealthy in the water. (Stealth+)
You are amphibious.
You can wear up to eight rings at the same time.
You can use your tentacles to constrict eight enemies at once.
Your skin changes colour to match your surroundings (Stealth+).
Your rubbery body absorbs attacks. (AC +1, EV +1)


Message History

You constrict Ijyb. Ijyb hits you.
You hit Ijyb.
Ijyb is heavily wounded.
You constrict Ijyb.
Ijyb screams, "Me very upset!"
Ijyb zaps a wand.
The puff of flame hits you!
* * * LOW HITPOINT WARNING * * *
Ijyb closely misses you.
You hit Ijyb.
Ijyb is severely wounded.
You constrict Ijyb.
Ijyb zaps a wand.
The puff of flame hits you!
* * * LOW HITPOINT WARNING * * *
Unknown command.
You release your grip on Ijyb.
Ijyb hits you.
* * * LOW HITPOINT WARNING * * *
Ijyb barely misses you.
It was a potion of might.
You feel very mighty all of a sudden.
Ijyb zaps a wand.
The puff of flame hits you!
You die...

#...####. #................
#........ #................
...#######.. ####........########
#.#.........##...........###.....
#+#..........#.......###.........
.............#.......###.........
.†.....................'.........
...###.....##.####.#####....#'###
...# .........g@.........#<#.# #
...# .........##...#####.#.#.# #
...# .........##...# #.#.#.# #
.... ..........#...# #...#.#
..... ..............# ....#.#
......###)..... ....+.. ......
......... ....##.
......#.#.............. .....
#.#.#.......


You could see Ijyb.

Vanquished Creatures
  A hound (D:3)
  2 adders (D:3)
  3 worms (D:2)
  2 leopard geckos
  2 orcs (D:3)
  A ball python (D:2)
  5 bats
  A giant cockroach (D:1)
  5 goblins
  5 hobgoblins
  8 jackals (D:3)
  4 kobolds
  2 frilled lizards
  4 rats
45 creatures vanquished.

Notes
Turn   | Place    | Note
-------+----------+-------------------------------------------
     0 | D:1      | dvd the Octopode Venom Mage began the quest for the Orb.
     0 | D:1      | Reached XP level 1. HP: 11/11 MP: 3/3
   129 | D:1      | Reached skill level 5 in Poison Magic
   328 | D:1      | Reached XP level 2. HP: 17/17 MP: 1/5
  1500 | D:2      | Reached XP level 3. HP: 21/21 MP: 0/6
  1566 | D:2      | Found a hide-covered altar of Uskayaw.
  1607 | D:2      | Found a faded altar of an unknown god.
  2339 | D:3      | Reached XP level 4. HP: 27/27 MP: 3/7
  2570 | D:3      | Reached skill level 1 in Conjurations
  2570 | D:3      | Reached skill level 6 in Poison Magic
  2576 | D:3      | Learned a level 4 spell: Olgreb's Toxic Radiance
  2656 | D:3      | Reached skill level 1 in Short Blades
  2751 | D:3      | Noticed Ijyb
  2761 | D:3      | HP: 1/27 [Ijyb (2)]
  2764 | D:3      | Killed from afar by Ijyb

Skill      XL: |  1  2  3  4 |
---------------+-------------+-----
Poison Magic   | 5 6 |  6.0
Stealth        | 3 |  3.7
Conjurations   | 1 |  1.0
Short Blades   | 1 |  1.0
Fighting       | |  0.2
Dodging        | |  2.0
Spellcasting   | |  2.6

Action                   |  1- 3 |  4- 6 || total
-------------------------+-------+-------++-------
Melee: Unarmed           |    11 |       ||    11
       Constrict         |     9 |     2 ||    11
       Tentacles         |     4 |       ||     4
       Short sword       |    24 |     9 ||    33
 Cast: Sting             |    58 |    18 ||    76
       Olgreb's Toxic Ra |       |     2 ||     2
  Use: Potion            |       |     1 ||     1
 Stab: Sleeping          |     6 |     1 ||     7
  Eat: Chunk             |     5 |     2 ||     7
Armor: Skin              |    10 |     4 ||    14
Dodge: Dodged            |    42 |    13 ||    55
